[ AOE2 MATCH · #463548419 ]
UnrankedSaracens vs Mongols
Player's team · LOSS
[ REPLAY ANALYSIS · EXTRACTED FROM THE RECORDED GAME ]
Feudal
12:08
Castle
22:32
Imperial
40:43
| APM avg | 9.6 |
| APM peak | 54 |
| eAPM avg | 5.9 |
| Villagers / military | 116 / 346 |
Focus
⚔️ 27.4% · 🌾 72.6%
Mameluke ×174 · Hand Cannoneer ×54 · Knight ×43 · Bombard Cannon ×42 · Spearman ×28 · Battering Ram ×4
Feudal
—
Castle
—
Imperial
—
| APM avg | 17.7 |
| APM peak | 67 |
| eAPM avg | 14.5 |
| Villagers / military | 376 / 2849 |
Focus
⚔️ 50.6% · 🌾 49.4%
Spearman ×1107 · Scout Cavalry ×817 · Skirmisher ×395 · Cavalry Archer ×182 · Mangonel ×151 · Camel Scout ×71
Feudal
11:33
Castle
19:05
Imperial
40:48
| APM avg | 21.9 |
| APM peak | 84 |
| eAPM avg | 12.5 |
| Villagers / military | 200 / 1984 |
Focus
⚔️ 49.1% · 🌾 50.9%
Spearman ×998 · Skirmisher ×599 · Janissary ×128 · Scout Cavalry ×120 · Camel Scout ×72 · Bombard Cannon ×38
Feudal
—
Castle
—
Imperial
—
| APM avg | 9.0 |
| APM peak | 89 |
| eAPM avg | 7.4 |
| Villagers / military | 149 / 322 |
Focus
⚔️ 48.0% · 🌾 52.0%
Throwing Axeman ×179 · Scout Cavalry ×45 · Spearman ×40 · Bombard Cannon ×25 · Monk ×15 · Trebuchet (Packed) ×8
Feudal
—
Castle
—
Imperial
—
| APM avg | 1.6 |
| APM peak | 11 |
| eAPM avg | 1.4 |
| Villagers / military | 43 / 142 |
Focus
⚔️ 42.4% · 🌾 57.6%
Archer ×57 · Organ Gun ×46 · Militia ×31 · Battering Ram ×8
Feudal
14:17
Castle
18:39
Imperial
37:49
| APM avg | 25.2 |
| APM peak | 174 |
| eAPM avg | 21.6 |
| Villagers / military | 179 / 1524 |
Focus
⚔️ 59.5% · 🌾 40.5%
Boyar ×429 · Scout Cavalry ×334 · Spearman ×322 · Militia ×183 · Scorpion ×73 · Battering Ram ×73
Match map
Initial resources + every placement click. Lines = walls · curves = elevation contours. ◆ gold · ⬟ stone · ● berries · ✦ relic · ◌ wall gap
Your base· ✓ Closed at 22:32 · 11t walls · no gate
RodrigoOBOMM's base· ✓ Closed at 20:22 · 16t walls · 1 gate(s)
hildebrandomares's base· Open — unwalled flank
FrugalDust93's base· ✓ Closed at 22:07 · 128t walls · 3 gate(s)
ZimmReaper6988's base· ✓ Closed at 26:47 · 16t walls · 1 gate(s)
Darth Tyranus's base· ✓ Closed at 18:39 · 31t walls · 4 gate(s)
Smoothed initial terrain · ◌ = detected wall gap · hover for details
Inputs per minute
— alvarengamarden - - RodrigoOBOMM
Build order — alvarengamarden
First 150 of 366 actions detected
| 0:07 | Create | Villager (Male) |
| 0:07 | Create | Villager (Male) |
| 0:08 | Create | Villager (Male) |
| 0:08 | Create | Villager (Male) |
| 0:09 | Research | Loom |
| 0:49 | Build | House |
| 0:50 | Build | House |
| 0:52 | Build | House |
| 1:54 | Create | Villager (Male) |
| 2:28 | Create | Villager (Male) |
| 3:08 | Create | Villager (Male) |
| 3:39 | Create | Villager (Male) |
| 3:39 | Create | Villager (Male) |
| 4:24 | Build | Lumber Camp |
| 4:28 | Create | Villager (Male) |
| 4:28 | Create | Villager (Male) |
| 4:56 | Create | Villager (Male) |
| 5:21 | Create | Villager (Male) |
| 5:21 | Create | Villager (Male) |
| 5:41 | Create | Villager (Male) |
| 5:41 | Create | Villager (Male) |
| 6:21 | Create | Villager (Male) |
| 7:04 | Build | House |
| 7:05 | Build | House |
| 7:06 | Build | House |
| 7:09 | Build | House |
| 7:10 | Build | House |
| 7:11 | Build | House |
| 7:12 | Build | House |
| 7:13 | Build | House |
| 7:15 | Build | House |
| 7:16 | Build | House |
| 8:19 | Create | Villager (Male) |
| 8:40 | Build | Mill |
| 9:58 | Research | Feudal Age |
| 10:36 | Build | Barracks |
| 11:41 | Create | Villager (Male) ×5 |
| 11:41 | Create | Villager (Male) |
| 11:51 | Create | Villager (Male) |
| 12:08 | Age | Feudal Age |
| 12:21 | Build | Stone Wall |
| 12:26 | Build | Gate |
| 12:33 | Build | Stone Wall |
| 12:59 | Build | Market |
| 13:05 | Build | Blacksmith |
| 13:16 | Build | Mining Camp |
| 14:15 | Research | Double-Bit Axe |
| 14:25 | Create | Villager (Male) |
| 14:25 | Create | Villager (Male) |
| 15:11 | Create | Villager (Male) ×3 |
| 15:12 | Create | Villager (Male) ×3 |
| 15:32 | Build | Stable |
| 15:34 | Build | Stable |
| 15:38 | Build | Stable |
| 15:59 | Build | Mining Camp |
| 16:10 | Create | Villager (Male) |
| 16:10 | Create | Villager (Male) |
| 16:11 | Create | Villager (Male) |
| 16:40 | Create | Villager (Male) |
| 16:40 | Create | Villager (Male) |
| 18:04 | Build | Farm |
| 18:11 | Build | Farm |
| 18:12 | Build | Farm |
| 18:32 | Build | Farm |
| 19:02 | Build | Farm |
| 19:18 | Build | Farm |
| 19:52 | Research | Castle Age |
| 20:20 | Research | Horse Collar |
| 20:31 | Build | Farm |
| 20:33 | Build | Farm |
| 20:34 | Build | Farm |
| 20:36 | Build | Farm |
| 20:38 | Build | Farm |
| 20:41 | Build | Farm |
| 20:42 | Build | Farm |
| 20:45 | Build | Farm |
| 20:46 | Build | Farm |
| 20:55 | Create | Villager (Male) ×3 |
| 21:05 | Build | Mining Camp |
| 21:10 | Create | Villager (Male) |
| 21:11 | Create | Villager (Male) |
| 22:32 | Age | Castle Age |
| 22:37 | Build | Town Center |
| 23:09 | Create | Villager (Male) ×5 |
| 23:09 | Create | Villager (Male) ×3 |
| 24:26 | Create | Villager (Male) ×5 |
| 24:27 | Create | Villager (Male) ×3 |
| 24:44 | Build | Siege Workshop |
| 25:19 | Research | Scale Barding Armor |
| 25:27 | Research | Forging |
| 25:38 | Create | Knight |
| 25:38 | Create | Knight |
| 25:38 | Create | Knight |
| 25:39 | Create | Knight |
| 25:47 | Create | Battering Ram |
| 25:47 | Create | Battering Ram |
| 26:23 | Research | Pikeman (upgrade) |
| 26:24 | Research | Squires |
| 26:33 | Create | Spearman ×4 |
| 26:48 | Build | Barracks |
| 27:00 | Build | Farm |
| 27:01 | Build | Farm |
| 27:03 | Build | Farm |
| 27:09 | Create | Villager (Male) ×3 |
| 27:09 | Create | Villager (Male) ×3 |
| 27:30 | Create | Knight ×2 |
| 28:00 | Create | Spearman ×5 |
| 28:00 | Create | Spearman |
| 28:01 | Create | Spearman |
| 28:21 | Research | Fletching |
| 28:22 | Research | Padded Archer Armor |
| 28:35 | Build | Farm |
| 28:36 | Build | Farm |
| 28:38 | Build | Farm |
| 28:40 | Build | Farm |
| 28:43 | Build | Farm |
| 28:45 | Build | Farm |
| 28:46 | Build | Farm |
| 28:56 | Create | Knight ×3 |
| 29:06 | Build | House |
| 29:07 | Build | House |
| 29:07 | Build | House |
| 29:08 | Build | House |
| 29:09 | Build | House |
| 29:09 | Build | House |
| 29:10 | Build | House |
| 29:48 | Build | Castle |
| 30:12 | Research | Husbandry |
| 30:16 | Create | Knight ×4 |
| 30:42 | Create | Battering Ram |
| 30:42 | Create | Battering Ram |
| 30:53 | Create | Villager (Male) ×5 |
| 30:53 | Create | Villager (Male) ×3 |
| 31:31 | Build | Mining Camp |
| 31:42 | Build | House |
| 31:42 | Build | House |
| 31:43 | Build | House |
| 31:44 | Build | House |
| 31:44 | Build | House |
| 31:44 | Build | House |
| 31:45 | Build | House |
| 31:46 | Build | House |
| 31:49 | Build | House |
| 31:54 | Create | Mameluke ×4 |
| 32:26 | Create | Mameluke ×4 |
| 32:26 | Create | Mameluke ×4 |
| 33:44 | Create | Mameluke ×5 |
| 33:44 | Create | Mameluke |
| 34:32 | Build | Town Center |
| 34:41 | Research | Bow Saw |
Build order — RodrigoOBOMM
First 150 of 1167 actions detected
| 0:15 | Build | House |
| 0:18 | Build | House |
| 0:23 | Create | Villager (Male) |
| 0:23 | Create | Villager (Male) |
| 0:24 | Create | Villager (Male) |
| 0:58 | Build | House |
| 1:04 | Build | House |
| 1:11 | Create | Villager (Male) |
| 1:12 | Research | Loom |
| 1:52 | Create | Villager (Male) |
| 2:39 | Create | Villager (Male) |
| 2:56 | Create | Villager (Male) |
| 3:40 | Create | Villager (Male) |
| 3:41 | Create | Villager (Male) |
| 4:20 | Build | Mill |
| 4:33 | Create | Villager (Male) |
| 4:34 | Create | Villager (Male) |
| 5:47 | Create | Villager (Male) |
| 5:47 | Create | Villager (Male) |
| 5:48 | Create | Villager (Male) |
| 5:50 | Create | Villager (Male) |
| 5:51 | Create | Villager (Male) |
| 5:54 | Create | Villager (Male) |
| 7:02 | Create | Villager (Male) |
| 7:30 | Create | Villager (Male) |
| 7:37 | Create | Villager (Male) |
| 8:44 | Create | Villager (Male) |
| 9:52 | Build | Lumber Camp |
| 10:34 | Research | Feudal Age |
| 12:11 | Build | Mining Camp |
| 12:33 | Build | Mining Camp |
| 12:59 | Build | Stone Wall |
| 13:12 | Research | Double-Bit Axe |
| 13:14 | Research | Horse Collar |
| 14:09 | Build | Lumber Camp |
| 14:18 | Create | Villager (Male) ×5 |
| 14:20 | Create | Villager (Male) ×5 |
| 14:30 | Build | House |
| 14:32 | Build | House |
| 14:34 | Build | House |
| 14:36 | Build | House |
| 14:38 | Build | House |
| 15:26 | Build | Market |
| 15:47 | Build | Blacksmith |
| 15:53 | Build | Farm |
| 16:00 | Build | Gate |
| 16:27 | Build | Lumber Camp |
| 16:34 | Build | Farm |
| 16:40 | Build | Farm |
| 17:05 | Build | Barracks |
| 17:21 | Build | Mining Camp |
| 17:29 | Build | Farm |
| 18:12 | Create | Villager (Male) |
| 18:25 | Build | Farm |
| 18:51 | Build | Farm |
| 19:11 | Build | Farm |
| 19:22 | Research | Fletching |
| 19:24 | Research | Padded Archer Armor |
| 19:37 | Build | Farm |
| 20:22 | Research | Castle Age |
| 20:42 | Research | Gold Mining |
| 21:41 | Build | Archery Range |
| 21:46 | Build | Stable |
| 22:03 | Research | Stone Mining |
| 23:04 | Build | Town Center |
| 23:08 | Build | Town Center |
| 23:16 | Build | Town Center |
| 23:23 | Build | Town Center |
| 24:08 | Research | Bow Saw |
| 24:10 | Research | Heavy Plow |
| 24:13 | Research | Gold Shaft Mining |
| 24:51 | Create | Villager (Male) ×2 |
| 24:56 | Build | Farm |
| 25:02 | Build | Farm |
| 25:15 | Create | Cavalry Archer ×5 |
| 25:20 | Create | Cavalry Archer ×3 |
| 25:56 | Build | Monastery |
| 26:10 | Build | University |
| 26:15 | Create | Villager (Male) ×5 |
| 26:22 | Build | Farm |
| 26:26 | Build | Farm |
| 26:31 | Build | Farm |
| 26:33 | Build | Farm |
| 26:52 | Build | Lumber Camp |
| 26:55 | Create | Monk |
| 27:42 | Build | Stone Wall |
| 27:47 | Build | Gate |
| 28:15 | Build | Castle |
| 28:27 | Build | House |
| 28:28 | Build | House |
| 28:29 | Build | House |
| 28:31 | Build | House |
| 28:33 | Build | House |
| 28:35 | Build | House |
| 28:36 | Build | House |
| 28:37 | Build | House |
| 28:39 | Create | Villager (Male) ×5 |
| 28:40 | Create | Villager (Male) ×5 |
| 28:43 | Create | Villager (Male) ×2 |
| 28:58 | Build | Farm |
| 29:03 | Build | Farm |
| 29:07 | Build | Farm |
| 29:10 | Create | Villager (Male) ×3 |
| 29:53 | Create | Villager (Male) ×3 |
| 30:00 | Create | Cavalry Archer ×5 |
| 30:09 | Build | Stable |
| 30:14 | Build | Stable |
| 30:17 | Build | Stable |
| 30:20 | Build | Archery Range |
| 30:24 | Build | Barracks |
| 30:26 | Build | Barracks |
| 30:35 | Build | Siege Workshop |
| 30:39 | Build | Siege Workshop |
| 30:43 | Create | Villager (Male) ×5 |
| 31:02 | Create | Villager (Male) ×2 |
| 31:17 | Build | Farm |
| 31:18 | Build | Farm |
| 31:19 | Build | Farm |
| 31:19 | Build | Farm |
| 31:20 | Build | Farm |
| 31:47 | Build | Farm |
| 31:48 | Build | Farm |
| 31:49 | Build | Farm |
| 31:50 | Build | Farm |
| 31:51 | Build | Farm |
| 31:52 | Build | Farm |
| 32:02 | Create | Villager (Male) ×5 |
| 32:04 | Create | Villager (Male) |
| 33:08 | Create | Monk |
| 33:24 | Research | Fervor |
| 33:43 | Build | House |
| 33:44 | Build | House |
| 33:46 | Build | House |
| 33:47 | Build | House |
| 33:49 | Build | House |
| 33:50 | Build | House |
| 33:51 | Build | House |
| 33:53 | Build | House |
| 33:58 | Build | House |
| 34:00 | Build | House |
| 34:03 | Build | House |
| 34:04 | Build | House |
| 34:08 | Create | Villager (Male) ×5 |
| 34:24 | Research | Imperial Age |
| 34:40 | Build | Castle |
| 35:06 | Build | Town Center |
| 35:15 | Build | Outpost |
| 35:18 | Build | Outpost |
| 35:21 | Build | Outpost |
| 35:22 | Build | Outpost |
Build order — hildebrandomares
First 150 of 1030 actions detected
| 0:14 | Create | Villager (Male) |
| 0:14 | Create | Villager (Male) |
| 0:14 | Create | Villager (Male) |
| 0:14 | Create | Villager (Male) |
| 0:14 | Create | Villager (Male) |
| 0:20 | Build | House |
| 0:23 | Build | House |
| 2:14 | Create | Villager (Male) |
| 2:36 | Create | Villager (Male) |
| 2:45 | Create | Villager (Male) |
| 3:10 | Create | Villager (Male) |
| 3:19 | Build | Mill |
| 3:50 | Create | Villager (Male) |
| 4:10 | Create | Villager (Male) |
| 4:29 | Create | Villager (Male) |
| 5:03 | Build | Lumber Camp |
| 5:21 | Create | Villager (Male) |
| 5:45 | Build | House |
| 5:49 | Research | Loom |
| 5:53 | Create | Villager (Male) |
| 6:34 | Create | Villager (Male) |
| 6:44 | Create | Villager (Male) |
| 7:27 | Create | Villager (Male) |
| 7:53 | Create | Villager (Male) |
| 8:07 | Build | House |
| 8:12 | Create | Villager (Male) |
| 9:23 | Research | Feudal Age |
| 9:24 | Create | Villager (Male) |
| 9:26 | Create | Villager (Male) |
| 10:16 | Create | Villager (Male) |
| 10:37 | Build | House |
| 11:19 | Build | Mill |
| 11:33 | Age | Feudal Age |
| 11:59 | Build | House |
| 12:45 | Build | Barracks |
| 12:51 | Create | Villager (Male) |
| 13:07 | Build | Mining Camp |
| 13:12 | Create | Villager (Male) |
| 13:40 | Create | Villager (Male) |
| 14:00 | Build | Market |
| 14:08 | Create | Villager (Male) |
| 14:53 | Build | House |
| 14:55 | Build | House |
| 15:04 | Create | Villager (Male) |
| 15:40 | Build | Blacksmith |
| 16:00 | Create | Villager (Male) |
| 16:21 | Research | Castle Age |
| 16:41 | Research | Horse Collar |
| 16:45 | Research | Double-Bit Axe |
| 16:58 | Build | Farm |
| 17:05 | Build | Farm |
| 18:12 | Build | Mining Camp |
| 18:19 | Research | Town Watch |
| 18:35 | Build | Farm |
| 18:36 | Build | Farm |
| 18:48 | Create | Villager (Male) |
| 18:48 | Create | Villager (Male) |
| 19:05 | Age | Castle Age |
| 19:06 | Create | Spearman |
| 19:31 | Build | House |
| 19:32 | Build | House |
| 20:03 | Build | Farm |
| 20:23 | Build | Gate |
| 20:28 | Create | Spearman |
| 20:49 | Build | Farm |
| 20:55 | Build | Farm |
| 20:58 | Build | Farm |
| 21:03 | Build | Farm |
| 22:12 | Build | Stone Wall |
| 22:23 | Create | Villager (Male) |
| 22:31 | Create | Villager (Male) |
| 23:25 | Build | Castle |
| 23:47 | Build | Farm |
| 23:51 | Build | Farm |
| 24:39 | Build | Castle |
| 24:50 | Research | Fletching |
| 24:54 | Create | Villager (Male) |
| 25:00 | Research | Heavy Plow |
| 25:15 | Research | Wheelbarrow |
| 25:58 | Build | Farm |
| 26:03 | Create | Villager (Male) |
| 26:03 | Create | Villager (Male) |
| 26:04 | Create | Villager (Male) |
| 27:07 | Build | Monastery |
| 27:18 | Research | Bodkin Arrow |
| 27:37 | Create | Janissary |
| 27:39 | Create | Janissary |
| 27:54 | Build | Farm |
| 27:58 | Build | Farm |
| 28:30 | Build | Town Center |
| 28:39 | Create | Monk |
| 28:52 | Build | Mining Camp |
| 29:19 | Create | Janissary |
| 29:47 | Create | Villager (Male) |
| 29:48 | Create | Villager (Male) |
| 29:48 | Create | Villager (Male) |
| 29:55 | Research | Bow Saw |
| 30:03 | Build | Farm |
| 30:16 | Create | Villager (Male) |
| 30:16 | Create | Villager (Male) |
| 30:17 | Create | Villager (Male) |
| 30:17 | Create | Villager (Male) |
| 30:33 | Build | Farm |
| 30:41 | Create | Villager (Male) |
| 30:48 | Build | Farm |
| 31:03 | Build | Town Center |
| 31:11 | Create | Janissary |
| 31:11 | Create | Janissary |
| 31:12 | Create | Janissary |
| 31:16 | Research | Stone Mining |
| 31:29 | Research | Fervor |
| 31:35 | Build | Farm |
| 31:40 | Build | Farm |
| 31:43 | Create | Villager (Male) |
| 31:43 | Create | Villager (Male) |
| 31:45 | Create | Villager (Male) |
| 31:46 | Create | Villager (Male) |
| 31:50 | Create | Villager (Male) |
| 32:16 | Create | Janissary |
| 32:17 | Create | Janissary |
| 32:32 | Build | Siege Workshop |
| 32:42 | Build | Farm |
| 32:47 | Create | Villager (Male) |
| 32:47 | Create | Villager (Male) |
| 32:52 | Create | Villager (Male) |
| 32:52 | Create | Villager (Male) |
| 32:53 | Create | Villager (Male) |
| 33:07 | Build | Farm |
| 33:09 | Build | Farm |
| 33:10 | Build | Farm |
| 33:12 | Build | Farm |
| 33:13 | Build | Farm |
| 33:15 | Build | Farm |
| 33:19 | Create | Villager (Male) |
| 33:20 | Create | Villager (Male) |
| 33:20 | Create | Villager (Male) |
| 33:23 | Create | Villager (Male) |
| 33:24 | Create | Villager (Male) |
| 33:24 | Create | Villager (Male) |
| 33:56 | Build | Stable |
| 34:11 | Create | Janissary |
| 34:12 | Create | Janissary |
| 34:12 | Create | Janissary |
| 34:13 | Create | Janissary |
| 34:27 | Build | Farm |
| 34:31 | Build | Farm |
| 34:36 | Build | Farm |
| 34:39 | Create | Villager (Male) |
| 34:39 | Create | Villager (Male) |
| 34:40 | Create | Villager (Male) |
Build order — FrugalDust93
First 150 of 788 actions detected
| 0:04 | Build | House |
| 0:14 | Create | Villager (Male) |
| 0:15 | Create | Villager (Male) |
| 0:15 | Create | Villager (Male) |
| 0:15 | Create | Villager (Male) |
| 0:38 | Build | House |
| 1:27 | Research | Loom |
| 1:54 | Create | Villager (Male) |
| 2:46 | Create | Villager (Male) |
| 3:07 | Create | Villager (Male) |
| 3:07 | Create | Villager (Male) |
| 3:23 | Build | House |
| 3:44 | Build | Mill |
| 3:52 | Create | Villager (Male) |
| 3:52 | Create | Villager (Male) |
| 4:45 | Build | Lumber Camp |
| 4:49 | Create | Villager (Male) |
| 5:11 | Create | Villager (Male) |
| 5:25 | Create | Villager (Male) |
| 5:53 | Create | Villager (Male) |
| 6:05 | Build | House |
| 6:13 | Create | Villager (Male) |
| 6:13 | Create | Villager (Male) |
| 6:54 | Create | Villager (Male) |
| 6:54 | Create | Villager (Male) |
| 6:55 | Create | Villager (Male) |
| 7:00 | Build | House |
| 7:42 | Create | Villager (Male) |
| 7:43 | Create | Villager (Male) |
| 7:43 | Create | Villager (Male) |
| 8:06 | Create | Villager (Male) |
| 9:15 | Create | Villager (Male) |
| 9:15 | Create | Villager (Male) |
| 9:37 | Build | Palisade Wall |
| 9:58 | Build | Mining Camp |
| 10:21 | Build | Mining Camp |
| 10:43 | Research | Feudal Age |
| 10:55 | Build | Palisade Gate |
| 11:31 | Build | Palisade Wall |
| 11:39 | Build | Palisade Wall |
| 11:46 | Build | Palisade Gate |
| 13:16 | Build | House |
| 13:18 | Build | House |
| 13:45 | Research | Wheelbarrow |
| 13:46 | Research | Town Watch |
| 14:00 | Build | Farm |
| 14:01 | Build | Farm |
| 14:05 | Research | Double-Bit Axe |
| 14:25 | Build | Barracks |
| 14:46 | Create | Villager (Male) |
| 14:47 | Create | Villager (Male) |
| 14:47 | Create | Villager (Male) |
| 15:03 | Build | Stone Wall |
| 15:13 | Build | Stone Wall |
| 15:24 | Build | Stone Wall |
| 15:28 | Create | Spearman |
| 15:28 | Create | Spearman |
| 15:41 | Build | Stone Wall |
| 15:49 | Build | Stone Wall |
| 15:58 | Build | Stone Wall |
| 16:15 | Research | Gold Mining |
| 16:17 | Research | Stone Mining |
| 16:30 | Build | Stone Wall |
| 16:36 | Build | Stone Wall |
| 16:41 | Build | Stone Wall |
| 16:51 | Build | Archery Range |
| 17:01 | Build | Farm |
| 17:03 | Build | Farm |
| 17:07 | Build | House |
| 17:12 | Create | Villager (Male) |
| 17:13 | Create | Villager (Male) |
| 17:13 | Create | Villager (Male) |
| 17:13 | Create | Villager (Male) |
| 18:08 | Build | Stone Wall |
| 18:19 | Build | Gate |
| 18:48 | Create | Villager (Male) |
| 18:48 | Create | Villager (Male) |
| 18:49 | Create | Villager (Male) |
| 18:57 | Build | Blacksmith |
| 19:08 | Build | Farm |
| 19:10 | Build | Farm |
| 19:30 | Build | Stone Wall |
| 19:38 | Build | Stone Wall |
| 19:45 | Build | Farm |
| 19:54 | Build | Market |
| 20:05 | Create | Villager (Male) |
| 20:06 | Create | Villager (Male) |
| 20:15 | Build | Lumber Camp |
| 20:33 | Build | Farm |
| 20:43 | Build | Farm |
| 20:54 | Research | Fletching |
| 21:13 | Build | Farm |
| 21:37 | Build | Mining Camp |
| 21:45 | Create | Skirmisher |
| 21:45 | Create | Skirmisher |
| 22:07 | Research | Castle Age |
| 22:22 | Build | Watch Tower |
| 22:31 | Build | Mining Camp |
| 22:38 | Build | Watch Tower |
| 22:58 | Build | House |
| 22:59 | Build | House |
| 23:00 | Build | House |
| 23:20 | Research | Arson |
| 23:39 | Create | Spearman |
| 23:39 | Create | Spearman |
| 24:27 | Build | Mining Camp |
| 24:35 | Build | House |
| 24:37 | Build | House |
| 24:38 | Build | House |
| 24:58 | Build | Monastery |
| 25:03 | Research | Pikeman (upgrade) |
| 25:03 | Research | Squires |
| 25:07 | Research | Elite Skirmisher (upgrade) |
| 25:17 | Build | Town Center |
| 25:23 | Research | Bodkin Arrow |
| 25:44 | Create | Monk |
| 26:12 | Create | Villager (Male) |
| 26:12 | Create | Villager (Male) |
| 26:13 | Create | Villager (Male) |
| 26:13 | Create | Villager (Male) |
| 26:25 | Create | Monk |
| 26:49 | Create | Monk |
| 27:00 | Create | Villager (Male) |
| 27:01 | Create | Villager (Male) |
| 27:01 | Create | Villager (Male) |
| 27:27 | Create | Monk |
| 27:33 | Build | Monastery |
| 28:06 | Research | Hand Cart |
| 28:18 | Build | Lumber Camp |
| 28:25 | Build | University |
| 28:53 | Research | Gold Shaft Mining |
| 29:25 | Create | Villager (Male) |
| 29:25 | Create | Villager (Male) |
| 30:04 | Build | Farm |
| 30:12 | Create | Villager (Male) |
| 30:12 | Create | Villager (Male) |
| 30:12 | Create | Villager (Male) |
| 30:34 | Build | Town Center |
| 31:06 | Build | Town Center |
| 31:26 | Build | Farm |
| 31:28 | Build | Farm |
| 31:29 | Build | Farm |
| 31:34 | Create | Villager (Male) |
| 31:34 | Create | Villager (Male) |
| 31:35 | Create | Villager (Male) |
| 31:35 | Create | Villager (Male) |
| 31:47 | Research | Masonry |
| 31:47 | Research | Murder Holes |
| 31:49 | Research | Ballistics |
| 32:17 | Build | Farm |
Build order — ZimmReaper6988
First 150 of 163 actions detected
| 0:29 | Create | Villager (Male) ×4 |
| 0:29 | Create | Villager (Male) |
| 0:30 | Research | Loom |
| 1:31 | Build | House |
| 1:33 | Build | House |
| 1:43 | Build | House |
| 1:46 | Build | House |
| 3:02 | Build | House |
| 4:53 | Create | Villager (Male) |
| 6:20 | Build | Mill |
| 6:36 | Create | Villager (Male) |
| 7:11 | Build | Farm |
| 7:18 | Build | Farm |
| 7:26 | Build | Farm |
| 8:07 | Create | Villager (Male) ×2 |
| 8:07 | Create | Villager (Male) |
| 8:58 | Create | Villager (Male) |
| 9:23 | Create | Villager (Male) |
| 10:01 | Build | Lumber Camp |
| 10:46 | Create | Villager (Male) |
| 10:46 | Create | Villager (Male) |
| 10:47 | Create | Villager (Male) |
| 11:26 | Build | Farm |
| 11:38 | Create | Villager (Male) |
| 11:38 | Create | Villager (Male) |
| 11:46 | Build | Farm |
| 12:12 | Build | Farm |
| 12:38 | Build | Farm |
| 13:02 | Build | Farm |
| 14:00 | Build | House |
| 14:11 | Build | House |
| 14:14 | Build | House |
| 14:17 | Build | House |
| 14:20 | Build | House |
| 14:23 | Build | House |
| 14:39 | Build | Farm |
| 14:48 | Build | Farm |
| 14:55 | Create | Villager (Male) |
| 15:24 | Research | Feudal Age |
| 15:34 | Build | Farm |
| 17:32 | Create | Villager (Male) ×8 |
| 18:20 | Build | Mining Camp |
| 18:37 | Build | Stone Wall |
| 19:29 | Build | Barracks |
| 19:41 | Create | Villager (Male) ×8 |
| 19:42 | Create | Villager (Male) |
| 21:24 | Build | Gate |
| 22:21 | Build | Archery Range |
| 22:41 | Build | Watch Tower |
| 22:57 | Build | Watch Tower |
| 23:23 | Build | Watch Tower |
| 23:51 | Build | Stable |
| 24:43 | Research | Horse Collar |
| 24:56 | Research | Double-Bit Axe |
| 25:05 | Research | Town Watch |
| 25:07 | Research | Wheelbarrow |
| 26:47 | Research | Castle Age |
| 27:42 | Build | Stone Wall |
| 28:12 | Build | Outpost |
| 28:21 | Build | Outpost |
| 28:32 | Build | Outpost |
| 28:42 | Build | Outpost |
| 29:14 | Build | Outpost |
| 29:25 | Build | Outpost |
| 29:46 | Research | Town Patrol |
| 29:49 | Research | Hand Cart |
| 30:04 | Research | Heavy Plow |
| 30:16 | Research | Bow Saw |
| 30:39 | Build | Gate |
| 31:37 | Create | Villager (Male) |
| 31:37 | Create | Villager (Male) |
| 31:37 | Create | Villager (Male) |
| 31:38 | Create | Villager (Male) |
| 32:01 | Build | Watch Tower |
| 32:11 | Build | Watch Tower |
| 33:10 | Build | University |
| 33:27 | Build | Blacksmith |
| 33:56 | Research | Thumb Ring |
| 34:02 | Research | Crossbowman (upgrade) |
| 35:09 | Research | Arson |
| 35:15 | Research | Gambesons |
| 35:20 | Research | Man-at-Arms (upgrade) |
| 35:34 | Research | Ballistics |
| 35:41 | Research | Fortified Wall (upgrade) |
| 36:01 | Research | Gold Mining |
| 36:39 | Build | House |
| 36:54 | Build | House |
| 36:58 | Build | House |
| 37:04 | Build | House |
| 37:06 | Build | House |
| 37:08 | Build | House |
| 37:49 | Build | Castle |
| 38:18 | Research | Guard Tower (upgrade) |
| 38:21 | Research | Heated Shot |
| 39:20 | Research | Fletching |
| 39:20 | Research | Padded Archer Armor |
| 39:23 | Research | Scale Mail Armor |
| 39:25 | Research | Forging |
| 39:27 | Research | Scale Barding Armor |
| 39:37 | Create | Archer ×15 |
| 40:10 | Build | Mining Camp |
| 40:40 | Research | Stone Mining |
| 41:19 | Research | Tech 1404 |
| 41:52 | Build | House |
| 41:54 | Build | House |
| 41:56 | Build | House |
| 42:00 | Build | House |
| 42:02 | Build | House |
| 42:05 | Build | House |
| 43:20 | Research | Long Swordsman (upgrade) |
| 44:12 | Research | Murder Holes |
| 44:21 | Research | Masonry |
| 44:32 | Research | Bodkin Arrow |
| 44:34 | Research | Leather Archer Armor |
| 44:49 | Create | Archer ×11 |
| 45:13 | Build | Farm |
| 45:21 | Build | Farm |
| 45:30 | Build | Farm |
| 45:44 | Build | Farm |
| 45:55 | Research | Chain Mail Armor |
| 46:30 | Research | Iron Casting |
| 47:26 | Create | Villager (Male) |
| 47:26 | Create | Villager (Male) |
| 48:06 | Build | Mining Camp |
| 48:16 | Create | Villager (Male) |
| 48:16 | Create | Villager (Male) |
| 50:00 | Research | Imperial Age |
| 51:26 | Build | Market |
| 53:17 | Research | Conscription |
| 53:59 | Research | Elite Organ Gun (upgrade) |
| 54:45 | Research | Two-Handed Swordsman (upgrade) |
| 55:28 | Research | Arbalester (upgrade) |
| 56:04 | Create | Organ Gun ×15 |
| 57:19 | Research | Keep (upgrade) |
| 58:12 | Research | Chemistry |
| 58:37 | Research | Crop Rotation |
| 59:34 | Research | Two-Man Saw |
| 60:52 | Build | Siege Workshop |
| 61:27 | Research | Bracer |
| 61:29 | Research | Ring Archer Armor |
| 61:56 | Research | Stone Shaft Mining |
| 62:23 | Research | Capped Ram (upgrade) |
| 62:42 | Create | Archer ×15 |
| 65:22 | Research | Champion (upgrade) |
| 65:32 | Create | Battering Ram |
| 65:33 | Create | Battering Ram |
| 65:33 | Create | Battering Ram |
| 65:33 | Create | Battering Ram |
| 65:34 | Create | Battering Ram |
| 65:34 | Create | Battering Ram |
Build order — Darth Tyranus
First 150 of 2066 actions detected
| 0:07 | Build | House |
| 0:08 | Build | House |
| 0:10 | Create | Villager (Male) |
| 0:10 | Create | Villager (Male) |
| 0:10 | Create | Villager (Male) |
| 0:11 | Create | Villager (Male) |
| 0:11 | Create | Villager (Male) |
| 0:11 | Create | Villager (Male) |
| 1:21 | Research | Loom |
| 1:47 | Create | Villager (Male) |
| 1:47 | Create | Villager (Male) |
| 2:41 | Create | Villager (Male) |
| 2:41 | Create | Villager (Male) |
| 2:42 | Create | Villager (Male) |
| 2:47 | Build | Lumber Camp |
| 2:51 | Create | Villager (Male) |
| 2:51 | Create | Villager (Male) |
| 2:52 | Create | Villager (Male) |
| 3:35 | Create | Villager (Male) |
| 3:36 | Create | Villager (Male) |
| 3:36 | Create | Villager (Male) |
| 3:36 | Create | Villager (Male) |
| 4:07 | Create | Villager (Male) |
| 4:08 | Create | Villager (Male) |
| 4:52 | Create | Villager (Male) |
| 4:52 | Create | Villager (Male) |
| 4:52 | Create | Villager (Male) |
| 4:55 | Create | Villager (Male) |
| 4:55 | Create | Villager (Male) |
| 5:06 | Build | Palisade Wall |
| 5:10 | Build | Palisade Wall |
| 5:15 | Build | Palisade Gate |
| 5:17 | Build | Palisade Gate |
| 5:33 | Build | House |
| 5:42 | Create | Villager (Male) |
| 5:42 | Create | Villager (Male) |
| 5:43 | Create | Villager (Male) |
| 6:01 | Create | Villager (Male) |
| 6:01 | Create | Villager (Male) |
| 6:18 | Build | Mill |
| 6:45 | Build | House |
| 6:56 | Create | Villager (Male) |
| 6:56 | Create | Villager (Male) |
| 6:57 | Create | Villager (Male) |
| 7:25 | Build | Farm |
| 7:33 | Build | House |
| 7:51 | Create | Villager (Male) |
| 7:51 | Create | Villager (Male) |
| 7:52 | Create | Villager (Male) |
| 7:58 | Build | Farm |
| 8:21 | Create | Villager (Male) |
| 8:22 | Create | Villager (Male) |
| 8:22 | Create | Villager (Male) |
| 8:40 | Create | Villager (Male) |
| 8:40 | Create | Villager (Male) |
| 8:41 | Create | Villager (Male) |
| 8:41 | Create | Villager (Male) |
| 8:41 | Create | Villager (Male) |
| 8:41 | Create | Villager (Male) |
| 9:20 | Build | Mining Camp |
| 9:29 | Build | Farm |
| 9:47 | Create | Villager (Male) |
| 9:56 | Build | Mining Camp |
| 10:19 | Build | Farm |
| 10:28 | Build | Farm |
| 10:34 | Build | House |
| 10:39 | Create | Villager (Male) |
| 10:43 | Build | Farm |
| 10:48 | Build | House |
| 10:58 | Build | Farm |
| 11:04 | Create | Villager (Male) |
| 11:06 | Create | Villager (Male) |
| 11:41 | Research | Feudal Age |
| 11:58 | Build | Mill |
| 12:14 | Build | Farm |
| 14:17 | Age | Feudal Age |
| 14:19 | Research | Town Watch |
| 14:21 | Research | Wheelbarrow |
| 14:30 | Build | Blacksmith |
| 14:37 | Build | Market |
| 14:49 | Research | Double-Bit Axe |
| 15:20 | Build | Stone Wall |
| 15:22 | Build | Gate |
| 15:25 | Build | Gate |
| 15:33 | Build | Outpost |
| 15:59 | Research | Castle Age |
| 16:36 | Research | Horse Collar |
| 16:39 | Research | Stone Mining |
| 16:40 | Research | Gold Mining |
| 16:48 | Research | Gold Mining |
| 17:05 | Create | Villager (Male) |
| 17:05 | Create | Villager (Male) |
| 17:06 | Create | Villager (Male) |
| 17:06 | Create | Villager (Male) |
| 17:06 | Create | Villager (Male) |
| 17:07 | Create | Villager (Male) |
| 17:44 | Build | Outpost |
| 17:55 | Create | Villager (Male) |
| 17:55 | Create | Villager (Male) |
| 17:56 | Create | Villager (Male) |
| 17:56 | Create | Villager (Male) |
| 17:56 | Create | Villager (Male) |
| 18:39 | Age | Castle Age |
| 18:42 | Research | Bow Saw |
| 19:08 | Build | Farm |
| 19:09 | Build | Farm |
| 19:23 | Build | Farm |
| 19:40 | Build | Farm |
| 19:42 | Build | Farm |
| 19:42 | Build | Farm |
| 19:43 | Build | Farm |
| 19:43 | Build | Farm |
| 19:44 | Build | Farm |
| 19:44 | Build | Farm |
| 19:44 | Build | Farm |
| 19:45 | Build | Farm |
| 19:45 | Build | Farm |
| 19:46 | Build | Farm |
| 19:47 | Build | Farm |
| 19:47 | Build | Farm |
| 19:48 | Build | Farm |
| 19:54 | Build | Farm |
| 19:54 | Build | Farm |
| 19:54 | Build | Farm |
| 19:55 | Build | Farm |
| 19:55 | Build | Farm |
| 20:01 | Build | Farm |
| 20:02 | Build | Farm |
| 20:08 | Create | Villager (Male) |
| 20:31 | Research | Hand Cart |
| 20:37 | Create | Villager (Male) |
| 20:37 | Create | Villager (Male) |
| 20:37 | Create | Villager (Male) |
| 20:38 | Create | Villager (Male) |
| 20:38 | Create | Villager (Male) |
| 20:38 | Create | Villager (Male) |
| 20:44 | Research | Town Patrol |
| 20:47 | Create | Villager (Male) |
| 20:47 | Create | Villager (Male) |
| 20:47 | Create | Villager (Male) |
| 21:20 | Build | Town Center |
| 21:25 | Create | Villager (Male) |
| 21:25 | Create | Villager (Male) |
| 21:25 | Create | Villager (Male) |
| 21:26 | Create | Villager (Male) |
| 22:04 | Build | Town Center |
| 22:10 | Create | Villager (Male) |
| 22:10 | Create | Villager (Male) |
| 22:10 | Create | Villager (Male) |
| 22:11 | Create | Villager (Male) |
Match timeline
| 5:06 | Darth Tyranus · wall_segment Palisade Wall x1 |
| 5:10 | Darth Tyranus · wall_segment Palisade Wall x15 |
| 9:37 | FrugalDust93 · wall_segment Palisade Wall x18 |
| 10:36 | alvarengamarden · first_building Barracks |
| 11:31 | FrugalDust93 · wall_segment Palisade Wall x17 |
| 11:33 | hildebrandomares · age_up feudal |
| 11:39 | FrugalDust93 · wall_segment Palisade Wall x19 |
| 12:08 | alvarengamarden · age_up feudal |
| 12:21 | alvarengamarden · wall_segment Stone Wall x8 |
| 12:33 | alvarengamarden · wall_segment Stone Wall x3 |
| 12:45 | hildebrandomares · first_building Barracks |
| 12:59 | RodrigoOBOMM · wall_segment Stone Wall x16 |
| 14:17 | Darth Tyranus · age_up feudal |
| 14:25 | FrugalDust93 · first_building Barracks |
| 15:03 | FrugalDust93 · wall_segment Stone Wall x2 |
| 15:13 | FrugalDust93 · wall_segment Stone Wall x2 |
| 15:20 | Darth Tyranus · wall_segment Stone Wall x16 |
| 15:24 | FrugalDust93 · wall_segment Stone Wall x3 |
| 15:32 | alvarengamarden · first_building Stable |
| 15:41 | FrugalDust93 · wall_segment Stone Wall x2 |
| 15:49 | FrugalDust93 · wall_segment Stone Wall x1 |
| 15:58 | FrugalDust93 · wall_segment Stone Wall x1 |
| 16:30 | FrugalDust93 · wall_segment Stone Wall x3 |
| 16:36 | FrugalDust93 · wall_segment Stone Wall x3 |
| 16:41 | FrugalDust93 · wall_segment Stone Wall x3 |
| 16:51 | FrugalDust93 · first_building Archery Range |
| 17:05 | RodrigoOBOMM · first_building Barracks |
| 18:08 | FrugalDust93 · wall_segment Stone Wall x25 |
| 18:37 | ZimmReaper6988 · wall_segment Stone Wall x16 |
| 18:39 | Darth Tyranus · age_up castle |
| 19:05 | hildebrandomares · age_up castle |
| 19:29 | ZimmReaper6988 · first_building Barracks |
| 19:30 | FrugalDust93 · wall_segment Stone Wall x16 |
| 19:35 | alvarengamarden · first_market_buy 100 food |
| 19:38 | FrugalDust93 · wall_segment Stone Wall x16 |
| 19:41 | alvarengamarden · first_market_sell 100 food |
| 21:03 | FrugalDust93 · first_market_buy 100 food |
| 21:41 | RodrigoOBOMM · first_building Archery Range |
| 21:46 | RodrigoOBOMM · first_building Stable |
| 22:12 | hildebrandomares · wall_segment Stone Wall x3 |
| 22:21 | ZimmReaper6988 · first_building Archery Range |
| 22:32 | alvarengamarden · age_up castle |
| 23:18 | Darth Tyranus · first_building Monastery |
| 23:25 | hildebrandomares · first_building Castle |
| 23:51 | ZimmReaper6988 · first_building Stable |
| 24:44 | alvarengamarden · first_building Siege Workshop |
| 24:58 | FrugalDust93 · first_building Monastery |
| 25:35 | Darth Tyranus · first_building Barracks |
| 25:56 | RodrigoOBOMM · first_building Monastery |
| 27:07 | hildebrandomares · first_building Monastery |
| 27:42 | RodrigoOBOMM · wall_segment Stone Wall x19 |
| 27:42 | ZimmReaper6988 · wall_segment Stone Wall x17 |
| 28:15 | RodrigoOBOMM · first_building Castle |
| 28:16 | hildebrandomares · first_market_sell 100 wood |
| 28:18 | hildebrandomares · first_market_buy 100 stone |
| 28:43 | Darth Tyranus · wall_segment Stone Wall x17 |
| 29:48 | alvarengamarden · first_building Castle |
| 30:35 | RodrigoOBOMM · first_building Siege Workshop |
| 31:19 | Darth Tyranus · first_building Siege Workshop |
| 31:38 | Darth Tyranus · first_building Stable |
| 32:32 | hildebrandomares · first_building Siege Workshop |
| 32:50 | FrugalDust93 · first_building Castle |
| 33:30 | Darth Tyranus · first_market_buy 100 stone |
| 33:34 | Darth Tyranus · first_building Castle |
| 33:56 | hildebrandomares · first_building Stable |
| 37:06 | RodrigoOBOMM · wall_segment Palisade Wall x45 |
| 37:15 | RodrigoOBOMM · wall_segment Palisade Wall x19 |
| 37:19 | RodrigoOBOMM · wall_segment Palisade Wall x8 |
| 37:23 | RodrigoOBOMM · wall_segment Palisade Wall x14 |
| 37:28 | RodrigoOBOMM · wall_segment Palisade Wall x6 |
| 37:35 | RodrigoOBOMM · wall_segment Palisade Wall x9 |
| 37:49 | Darth Tyranus · age_up imperial |
| 37:49 | ZimmReaper6988 · first_building Castle |
| 39:55 | RodrigoOBOMM · wall_segment Palisade Wall x10 |
| 40:07 | RodrigoOBOMM · wall_segment Palisade Wall x16 |
| 40:13 | RodrigoOBOMM · wall_segment Palisade Wall x13 |
| 40:18 | RodrigoOBOMM · wall_segment Palisade Wall x15 |
| 40:26 | RodrigoOBOMM · wall_segment Palisade Wall x23 |
| 40:43 | alvarengamarden · age_up imperial |
| 40:48 | hildebrandomares · age_up imperial |
| 42:28 | FrugalDust93 · first_building Siege Workshop |
| 47:01 | Darth Tyranus · first_building Archery Range |
| 47:39 | RodrigoOBOMM · wall_segment Stone Wall x14 |
| 47:44 | RodrigoOBOMM · wall_segment Stone Wall x18 |
| 53:05 | Darth Tyranus · first_market_sell 500 wood |
| 55:13 | alvarengamarden · first_building Archery Range |
| 57:19 | hildebrandomares · first_building Archery Range |
| 59:51 | Darth Tyranus · wall_segment Stone Wall x9 |
| 60:47 | FrugalDust93 · first_building Stable |
| 60:52 | ZimmReaper6988 · first_building Siege Workshop |
| 61:48 | Darth Tyranus · wall_segment Stone Wall x1 |
| 61:50 | Darth Tyranus · wall_segment Stone Wall x1 |
| 63:28 | alvarengamarden · first_building Monastery |
| 68:50 | alvarengamarden · resign |
| 77:42 | RodrigoOBOMM · wall_segment Stone Wall x16 |
| 81:51 | RodrigoOBOMM · first_market_sell 100 wood |
| 83:27 | Darth Tyranus · wall_segment Stone Wall x17 |
| 90:25 | Darth Tyranus · wall_segment Stone Wall x15 |
| 91:46 | Darth Tyranus · wall_segment Stone Wall x1 |
| 91:47 | Darth Tyranus · wall_segment Stone Wall x1 |
| 100:04 | RodrigoOBOMM · wall_segment Stone Wall x10 |
| 103:59 | Darth Tyranus · wall_segment Stone Wall x15 |
| 109:24 | RodrigoOBOMM · wall_segment Stone Wall x7 |
| 110:05 | Darth Tyranus · wall_segment Stone Wall x1 |
| 110:07 | Darth Tyranus · wall_segment Stone Wall x1 |
| 110:09 | Darth Tyranus · wall_segment Stone Wall x1 |
| 111:51 | RodrigoOBOMM · wall_segment Stone Wall x17 |
| 112:09 | RodrigoOBOMM · wall_segment Stone Wall x14 |
| 112:29 | RodrigoOBOMM · wall_segment Stone Wall x12 |
| 112:42 | RodrigoOBOMM · wall_segment Stone Wall x21 |
| 115:02 | RodrigoOBOMM · wall_segment Stone Wall x6 |
| 115:07 | RodrigoOBOMM · wall_segment Stone Wall x5 |
| 119:35 | RodrigoOBOMM · wall_segment Stone Wall x9 |
| 123:05 | RodrigoOBOMM · wall_segment Stone Wall x29 |
| 125:46 | RodrigoOBOMM · first_market_buy 500 stone |
| 125:59 | RodrigoOBOMM · wall_segment Stone Wall x7 |
| 127:25 | RodrigoOBOMM · wall_segment Stone Wall x11 |
| 128:41 | RodrigoOBOMM · wall_segment Stone Wall x17 |
| 142:51 | RodrigoOBOMM · wall_segment Stone Wall x9 |
| 146:23 | RodrigoOBOMM · wall_segment Stone Wall x10 |
| 146:25 | RodrigoOBOMM · wall_segment Stone Wall x3 |
| 146:41 | RodrigoOBOMM · wall_segment Stone Wall x10 |
| 146:42 | RodrigoOBOMM · wall_segment Stone Wall x3 |
| 146:56 | RodrigoOBOMM · wall_segment Stone Wall x5 |
| 146:57 | RodrigoOBOMM · wall_segment Stone Wall x4 |
| 151:24 | RodrigoOBOMM · wall_segment Stone Wall x25 |
| 154:42 | RodrigoOBOMM · wall_segment Stone Wall x4 |
| 154:56 | RodrigoOBOMM · wall_segment Stone Wall x26 |
| 161:52 | RodrigoOBOMM · tribute_sent a jugador 2 |
| 161:52 | RodrigoOBOMM · tribute_sent a jugador 3 |
| 161:52 | RodrigoOBOMM · tribute_sent a jugador 4 |
| 161:52 | RodrigoOBOMM · tribute_sent a jugador 5 |
| 161:52 | RodrigoOBOMM · tribute_sent a jugador 6 |
[ AI ANALYSIS · 1 CREDIT ]
What really happened in this match?
Wolo.gg analyzes every decision: build order, eco, micro, common mistakes by bracket. Personalized analysis on WhatsApp or Discord in 30 seconds.
Civ guide
Saracens
Perfil
Jugador #6380072